Map: Eastwatch LE

Players

VitamiN - Winner!

  • Race: Zerg Zerg
  • Spawn Location: 1:00

Reempi

  • Race: Protoss Protoss
  • Spawn Location: 7:00

Event: WCS Leipzig 2018

VOD

Have the link to the VOD?

Description

Time

  • Played on: Jan. 26, 2018, 7:25 a.m.
  • Length: 14:57

All games in this series

Show
View Real Time Build Order
Export as new Build Order

VitamiN Zerg - Winner!

Build Orders: Hatch First 

Get SALT Encoding   

  12  0:02  Drone  
  13  0:13  Overlord  
  13  0:17  Drone  
  14  0:23  Extractor  
  14  0:24  Drone  
  15  0:33  Drone  
  16  0:37  Drone  
  17  0:54  Hatchery  
  17  0:56  Drone  
  17  1:00  Drone  
  18  1:11  Extractor  
  17  1:16  Spawning Pool  
  16  1:18  Drone  
  16  1:22  Drone  
  18  1:29  Drone  
  19  1:39  Overlord  
  19  1:50  Drone  
  20  2:02  Queen  
  20  2:03  Zergling x2  
  20  2:05  Queen  
  20  2:06  Zergling x2  
  26  2:11  Metabolic Boost  
  26  2:13  Drone  
  27  2:17  Drone  
  27  2:22  Drone  
  29  2:31  Drone  
  29  2:33  Drone  
  31  2:45  Hatchery  
  31  2:48  Drone  
  31  2:53  Overlord  
  31  3:00  Pneumatized Carapace  
  31  3:08  Zergling x6  
  31  3:09  Zergling x2  
  35  3:16  Overlord  
  35  3:18  Overlord  
  35  3:30  Drone  
  36  3:34  Queen  
  36  3:35  Evolution Chamber  
  37  3:42  Drone x4  
  41  3:51  Overlord  
  41  3:57  Drone x2, Baneling Nest  
  41  4:02  Drone x2  
  43  4:07  Zerg Melee Weapons Level 1  
  42  4:17  Drone  
  42  4:19  Drone x3  
  42  4:21  Extractor  
  42  4:22  Drone x3  
  48  4:41  Drone  
  48  4:44  Drone x9  
  58  4:46  Lair  
  58  4:58  Drone x2  
  60  5:00  Queen  
  60  5:01  Overlord  
  60  5:02  Overlord  
  60  5:06  Baneling  
  62  5:07  Baneling x6  
  62  5:10  Baneling  
  62  5:11  Zergling x4  
  65  5:14  Zergling x2  
  65  5:17  Overlord x2  
  65  5:22  Drone x3  
  65  5:23  Drone  
  65  5:26  Drone  
  70  5:28  Overlord  
  70  5:34  Zergling x14  
  76  5:51  Zergling x10  
  76  5:54  Hatchery  
  80  6:01  Overlord  
  80  6:05  Extractor, Hydralisk Den  
  80  6:08  Drone, Extractor  
  80  6:09  Drone x2  
  80  6:11  Drone x3  
  83  6:13  Centrifical Hooks  
  83  6:15  Zergling x10  
  83  6:16  Zergling x2  
  88  6:32  Overlord  
  88  6:33  Overlord x2  
  88  6:34  Zergling x16  
  88  6:37  Baneling x4  
  88  6:38  Baneling  
  96  6:43  Muscular Augments, Overlord x3  
  96  6:49  Drone x2  
  98  6:59  Overlord  
  98  7:01  Overlord x2  
  98  7:03  Hydralisk  
  98  7:04  Hydralisk  
  98  7:05  Hatchery, Hydralisk  
  103  7:15  Baneling x2  
  103  7:16  Baneling  
  103  7:19  Hydralisk x3  
  109  7:24  Extractor  
  109  7:25  Drone, Extractor  
  109  7:26  Drone x2  
  109  7:27  Drone x3  
  113  7:31  Drone, Overlord  
  113  7:32  Drone x4  
  118  7:41  Baneling x3, Hydralisk x3  
  118  7:43  Zergling x2  
  123  7:57  Hydralisk x4  
  131  8:01  Overlord  
  131  8:05  Infestation Pit  
  130  8:12  Hydralisk  
  128  8:13  Hydralisk x2  
  134  8:20  Extractor  
  134  8:21  Drone x3, Extractor  
  134  8:22  Drone x2  
  134  8:23  Drone  
  134  8:25  Drone x5  
  134  8:26  Drone x3  
  146  8:40  Hydralisk x3  
  146  8:41  Hydralisk x2  
  152  8:43  Drone x3  
  152  8:44  Drone  
  152  8:45  Drone  
  152  8:46  Overseer  
  152  8:47  Overseer  
  161  8:48  Overseer  
  161  8:56  Hatchery  
  161  8:58  Spine Crawler x2  
  161  9:00  Spine Crawler  
  161  9:02  Spine Crawler  
  156  9:04  Hive  
  156  9:27  Overlord  
  156  9:32  Zerg Melee Weapons Level 2  
  156  9:33  Evolution Chamber  
  156  9:35  Evolution Chamber  
  154  10:19  Zerg Ground Armor Level 1, Ultralisk Cavern, Zerg Missile Weapons Level 1  
  154  10:20  Adrenal Glands  
  153  10:53  Spine Crawler  
  153  10:54  Spore Crawler  
  151  11:05  Chitinous Plating  
  151  11:07  Ultralisk  
  151  11:08  Ultralisk x7  
  199  11:32  Hatchery  
  198  11:36  Hydralisk  
  200  11:48  Zerg Melee Weapons Level 3  
  200  11:51  Hatchery  
  199  12:24  Baneling  
  199  12:25  Baneling x21  
  175  13:06  Ultralisk x4  
  184  13:14  Overlord x4  
  159  13:21  Hydralisk  
  159  13:22  Hydralisk x13  
  183  13:32  Hydralisk  
  183  13:33  Hydralisk x13  
  192  13:42  Zergling x2  
  192  13:43  Zergling x12  
  199  13:58  Hydralisk  
  199  13:59  Hydralisk x2  
  193  14:09  Zergling x24  
  200  14:10  Zergling x4  
  193  14:28  Baneling  
  193  14:29  Baneling x18  
  193  14:30  Baneling x20  
Show
View Real Time Build Order
Export as new Build Order

Reempi Protoss 

Build Orders:  

Get SALT Encoding   

  12  0:01  Probe  
  13  0:13  Probe  
  14  0:20  Pylon  
  14  0:25  Probe  
  15  0:38  Probe (Chrono Boost)  
  15  0:39  Gateway  
  17  0:50  Probe (Chrono Boost)  
  17  0:53  Assimilator  
  17  0:54  Probe (Chrono Boost)  
  18  1:03  Assimilator  
  18  1:04  Probe  
  19  1:15  Gateway  
  19  1:24  Probe  
  20  1:32  Cybernetics Core  
  20  1:36  Probe  
  21  1:43  Pylon  
  21  1:48  Probe  
  22  2:00  Probe  
  23  2:08  Stalker x2  
  23  2:10  Warp Gate (Chrono Boost)  
  27  2:24  Pylon  
  26  2:46  Robotics Facility  
  26  2:48  Stalker x2  
  26  2:49  Shield Battery  
  30  3:37  Pylon  
  30  3:52  Immortal (Chrono Boost)  
  30  3:55  Shield Battery  
  38  4:03  Twilight Council  
  30  4:35  Pylon  
  30  4:45  Blink (Chrono Boost)  
  30  4:46  Gateway x2  
  30  4:48  Gateway  
  30  4:49  Gateway  
  30  4:51  Stalker x2  
  34  4:59  Immortal  
  38  5:11  Forge  
  38  5:35  Immortal (Chrono Boost)  
  42  5:44  Protoss Ground Weapons Level 1 (Chrono Boost)  
  42  6:19  Stalker x2  
  46  6:26  Pylon  
  46  6:28  Pylon  
  46  6:31  Pylon  
  46  6:33  Pylon  
  46  6:51  Charge  
  46  6:59  Stalker x3  
  46  7:00  Stalker  
  54  7:28  Nexus  
  54  7:36  Pylon  
  54  7:46  Protoss Ground Armor Level 1 (Chrono Boost)  
  54  7:58  Zealot x2  
  51  8:13  Probe  
  52  8:25  Probe  
  53  8:37  Probe  
  54  8:42  Immortal  
  54  8:46  Zealot  
  60  8:53  Probe (Chrono Boost)  
  62  8:56  Probe (Chrono Boost)  
  62  9:05  Probe (Chrono Boost)  
  63  9:10  Probe (Chrono Boost)  
  64  9:19  Probe  
  64  9:23  Protoss Ground Weapons Level 2 (Chrono Boost)  
  65  9:37  Immortal  
  69  9:47  Probe (Chrono Boost)  
  70  9:59  Probe (Chrono Boost)  
  71  10:06  Probe (Chrono Boost), Pylon  
  72  10:14  Stalker  
  72  10:15  Stalker  
  72  10:17  Zealot  
  78  10:35  Immortal  
  82  10:42  Stalker  
  82  10:43  Stalker  
  82  10:45  Probe (Chrono Boost)  
  87  10:54  Probe (Chrono Boost)  
  88  10:57  Stalker  
  88  10:59  Probe (Chrono Boost)  
  91  11:14  Immortal  
  95  11:22  Protoss Ground Armor Level 2 (Chrono Boost)  
  95  11:31  Stalker  
  95  11:32  Stalker  
  99  11:34  Zealot  
  101  11:50  Sentry  
  103  11:56  Observer  
  104  12:21  Assimilator  
  104  12:22  Stalker x3  
  108  12:23  Assimilator  
  110  12:31  Pylon  
  110  12:35  Pylon  
  39  13:22  Stalker x4  
  39  13:50  Probe  
  40  14:00  Nexus  
  40  14:02  Probe  
  17  14:22  Stalker  
  12  14:28  Sentry  
Tags
 
Add a new tag
Caveats
  • Supply blocks, unpowered buildings, or Contaminate may cause inaccurate times.
  • Supply counts are checked every 10 seconds.